Map: Dasan Station LE

Players

Polt - Winner!

  • Race: Terran Terran

TRUE

  • Race: Zerg Zerg

Event: 2016 WCS Summer Circuit Championship (DH Montreal)

VOD

https://youtu.be/mHmZh8wkQqQ?t=19m50s

Description

Time

  • Played on: Aug. 14, 2016, 3:10 p.m.
  • Length: 8:28

All games in this series

Show
View Real Time Build Order
Export as new Build Order

Polt Terran - Winner!

Build Orders: Reaper Expand, MMM Bio 

Get SALT Encoding   

  12  0:00  SCV  
  13  0:12  SCV  
  14  0:17  Supply Depot  
  14  0:24  SCV  
  15  0:39  SCV  
  15  0:40  Barracks  
  16  0:43  Refinery  
  16  0:51  SCV  
  17  1:03  SCV  
  18  1:15  SCV  
  19  1:27  Orbital Command  
  19  1:28  Reaper  
  20  1:40  Command Center  
  20  1:50  Barracks  
  21  1:54  SCV  
  21  2:00  Barracks Reactor  
  21  2:03  Supply Depot  
  21  2:06  SCV  
  22  2:18  SCV, Refinery  
  23  2:30  SCV  
  24  2:37  Barracks Tech Lab, Marine x2  
  24  2:38  Factory  
  26  2:44  SCV  
  27  2:52  Orbital Command  
  27  2:56  Marine x2, SCV  
  27  2:57  Marine  
  31  3:03  Stimpack  
  31  3:13  SCV  
  31  3:14  Marine x3  
  31  3:18  SCV  
  36  3:25  SCV  
  36  3:26  Starport  
  37  3:28  Factory Reactor  
  37  3:33  SCV  
  38  3:36  Marine x3  
  38  3:37  SCV  
  38  3:40  Supply Depot  
  42  3:47  SCV  
  43  3:49  SCV  
  43  3:52  Supply Depot  
  44  3:59  Marine, SCV  
  44  4:02  Marine x2, SCV  
  49  4:12  Supply Depot, Engineering Bay, Medivac  
  49  4:14  Medivac  
  49  4:15  Refinery  
  53  4:17  SCV  
  53  4:20  SCV  
  55  4:27  Marine x3  
  55  4:29  SCV  
  59  4:32  SCV  
  59  4:35  Supply Depot  
  59  4:37  Terran Infantry Weapons Level 1  
  60  4:39  Factory Reactor  
  60  4:42  SCV  
  60  4:44  SCV  
  62  4:47  Marine x3  
  64  4:54  SCV  
  64  4:56  SCV  
  66  5:02  Barracks x2  
  66  5:03  Starport Reactor, Barracks  
  64  5:15  Marine x3  
  64  5:20  Combat Shields  
  64  5:25  Supply Depot  
  64  5:27  Factory Tech Lab, Supply Depot  
  64  5:35  Marine x3  
  64  5:41  Supply Depot  
  64  5:42  Medivac x2  
  69  5:45  Siege Tank  
  74  5:50  Marine x2  
  74  5:51  Barracks Tech Lab  
  74  5:54  Supply Depot  
  74  5:56  Marine x3  
  79  6:09  Marine x2  
  79  6:10  Marine  
  83  6:12  Marauder x2  
  83  6:17  Siege Tank  
  89  6:18  Supply Depot x2  
  89  6:34  Marine x6  
  89  6:36  Marauder  
  89  6:37  Medivac, Marauder  
  89  6:38  Medivac  
  103  6:53  Siege Tank  
  106  6:57  Marine x6  
  106  6:58  Marauder x2  
  114  7:09  Supply Depot  
  114  7:11  Supply Depot  
  114  7:19  Marauder x2  
  114  7:20  Marine x6  
  124  7:30  Siege Tank  
  123  7:46  Marine x6, Marauder x2  
Show
View Real Time Build Order
Export as new Build Order

TRUE Zerg 

Build Orders: Hatch First 

Get SALT Encoding   

  12  0:00  Drone  
  13  0:07  Drone  
  14  0:32  Hatchery  
  13  0:35  Drone  
  14  0:52  Spawning Pool  
  14  0:56  Drone  
  14  1:03  Overlord  
  14  1:07  Extractor  
  14  1:10  Drone  
  14  1:23  Drone x2  
  16  1:28  Drone  
  17  1:39  Zergling x2  
  20  1:46  Queen, Zergling x2  
  21  1:51  Zergling x2  
  22  2:00  Queen  
  24  2:05  Overlord  
  25  2:08  Drone  
  25  2:16  Metabolic Boost  
  25  2:20  Drone  
  25  2:21  Drone  
  27  2:28  Queen  
  29  2:33  Drone x2  
  29  2:35  Drone  
  32  2:38  Drone  
  32  2:42  Overlord  
  33  2:44  Drone  
  33  2:49  Drone  
  35  2:57  Drone  
  36  3:01  Hatchery  
  36  3:05  Drone  
  36  3:17  Drone x5, Queen  
  43  3:28  Overlord  
  43  3:32  Overlord  
  43  3:34  Overlord  
  43  3:39  Overlord  
  43  3:44  Extractor, Queen  
  43  3:48  Drone x3  
  47  3:49  Zergling x8  
  47  3:50  Drone  
  52  3:56  Overlord  
  52  4:04  Zergling x2  
  52  4:07  Overlord  
  52  4:09  Zergling x2  
  54  4:13  Evolution Chamber  
  54  4:14  Queen  
  54  4:15  Baneling Nest  
  54  4:27  Queen  
  54  4:28  Drone x8  
  64  4:33  Queen  
  64  4:35  Zergling x2  
  64  4:36  Zergling x2  
  68  4:42  Zergling x6  
  71  4:53  Zerg Ground Armor Level 1, Overlord  
  71  4:55  Queen  
  73  5:00  Baneling x4  
  73  5:08  Drone  
  73  5:09  Zergling x4  
  73  5:10  Zergling x2  
  76  5:15  Drone  
  76  5:16  Drone x9  
  86  5:21  Evolution Chamber  
  86  5:25  Overlord  
  85  5:34  Baneling x4  
  85  5:35  Zergling x6  
  88  5:37  Zergling x4  
  88  5:38  Zergling x2  
  88  5:39  Overlord  
  88  5:40  Zergling x2  
  88  5:42  Zergling x2  
  93  5:43  Zergling x4  
  93  5:46  Overlord  
  93  5:48  Evolution Chamber  
  93  5:49  Zerg Melee Weapons Level 1  
  96  5:50  Zergling x4  
  96  5:52  Extractor, Overlord  
  96  5:53  Zergling x2  
  97  5:58  Zergling x2  
  97  6:09  Zergling x12  
  97  6:10  Baneling  
  97  6:11  Baneling x9  
  103  6:13  Zergling x2  
  103  6:18  Drone x4  
  108  6:19  Zergling x6  
  108  6:23  Zergling x2  
  108  6:24  Pneumatized Carapace, Zergling x2  
  113  6:26  Zergling x2  
  109  6:34  Zergling x2  
  109  6:35  Zergling x2  
  109  6:37  Zergling x2  
  110  6:44  Zergling x2  
  110  6:45  Zergling x4  
  110  6:46  Queen, Zergling x6  
  111  6:49  Zergling x2  
  111  6:50  Zergling x6  
  111  6:52  Zergling x2  
  116  6:56  Hatchery  
  114  7:01  Zergling x2  
  114  7:02  Zergling x2  
  114  7:07  Queen  
  114  7:08  Zergling x6  
  120  7:11  Baneling  
  120  7:12  Baneling x8  
  120  7:13  Zergling x2  
  120  7:14  Overlord  
  121  7:16  Baneling x7  
  121  7:24  Overlord  
  121  7:26  Overlord  
  121  7:29  Overlord  
  121  7:31  Queen, Overlord  
  121  7:33  Baneling x6  
  121  7:37  Zergling x2  
  121  7:38  Zergling x2  
  121  7:39  Zergling x4  
  121  7:40  Zergling x2  
  121  7:41  Zergling x2  
  121  7:44  Baneling, Zergling x14  
  127  7:45  Baneling x3  
  127  7:47  Zergling x2  
  127  7:50  Zergling x2  
  127  7:55  Zergling x2  
  127  7:57  Zergling x6  
  127  7:58  Zergling x2  
  125  7:59  Baneling x2  
  125  8:02  Zergling x2  
  118  8:05  Zergling x2  
  118  8:09  Zergling x2  
Tags
 
Add a new tag
Caveats
  • Supply blocks, unpowered buildings, or Contaminate may cause inaccurate times.
  • Supply counts are checked every 10 seconds.